 Dungeon Crawl Stone Soup version 0.30-a0-1160-g6e42c06551 (webtiles) character file.

Game seed: 7389931859312855814

7954 browni3141 the Dealer of Despair (level 11, 0/81 HPs)
             Began as a Mummy Venom Mage on Apr 25, 2023.
             Was an Elder of Kikubaaqudgha.
             Slain by a soul eater (2 damage)
             ... summoned by a kobold demonologist
             ... on level 10 of the Dungeon.
             The game lasted 00:37:32 (11180 turns).

browni3141 the Dealer of Despair (MuVM)            Turns: 11180, Time: 00:37:33

Health: 0/81       AC:  5    Str: 13    XL:     11   Next: 3%
Magic:  16/22      EV: 13    Int: 17    God:    Kikubaaqudgha [****..]
Gold:   523        SH:  0    Dex: 13    Spells: 1/25 levels left

rFire   x . .        n - +1 dagger (distort)
rCold   + . .        t - orb {light}
rNeg    + + +        w - +0 troll leather armour
rPois   ∞            (no helmet)
rElec   .            k - +0 cloak
rCorr   .            (no gloves)
SInv    .            (no boots)
Will    +....        (no amulet)
Stlth   +            (no ring)
HPRegen 1.13/turn    (no ring)
MPRegen 0.18/turn

%: faith
@: about to teleport, glowing
A: cold resistance 1, negative energy resistance 3, torment resistance 2, heat
vulnerability 1, in touch with death 1, no potions, faith
a: Renounce Religion, Unearth Wretches


You were on level 10 of the Dungeon.
You worshipped Kikubaaqudgha.
Kikubaaqudgha was greatly pleased with you.
You visited 2 branches of the dungeon, and saw 11 of its levels.

You collected 523 gold pieces.

Inventory:

Hand Weapons
 b - a +0 dagger
 l - a +5 scythe
 n - a +1 dagger of distortion (weapon)
Armour
 a - a +0 robe
 d - a +0 leather armour
 i - a +0 ring mail
 k - a +0 cloak (worn)
 r - a +1 robe of fire resistance
 t - an orb of light (worn)
 w - a +0 troll leather armour (worn)
Jewellery
 c - a ring of fire
Wands
 h - a wand of iceblast (5)
 o - a wand of flame (2)
 s - a wand of light (10)
 z - a wand of charming (6)
 A - a wand of mindburst (10)
 B - a wand of polymorph (8)
Scrolls
 e - a scroll of vulnerability
 f - 3 scrolls of enchant weapon
 g - a scroll of noise
 m - 5 scrolls of identify
 p - a scroll of teleportation
 q - 2 scrolls of magic mapping
 u - a scroll of immolation
 v - a scroll of amnesia
 x - 3 scrolls of poison
 y - a scroll of fog


   Skills:
 - Level 6.0 Fighting
 - Level 4.0 Armour
 - Level 4.0 Dodging
 - Level 2.0 Stealth
 - Level 7.5 Spellcasting
 * Level 8.5 Necromancy
 - Level 1.0 Transmutations
 - Level 1.0 Air Magic
 - Level 7.0 Poison Magic
 + Level 5.0 Evocations


You had one spell level left.
You knew the following spells:

 Your Spells              Type           Power      Damage    Failure   Level
a - Sting                 Tmut/Pois      76%        1d6       2%          1
b - Poisonous Vapours     Pois/Air       38%        N/A       4%          2
c - Mephitic Cloud        Conj/Pois/Air  15%        N/A       14%         3
d - Olgreb's Toxic Radia  Pois           30%        N/A       8%          4
e - Necrotise             Necr           100%       1d9       1%          1
f - Cigotuvi's Dreadful   Necr/Pois/Air  74%        N/A       2%          2
g - Vampiric Draining     Necr           52%        2d9       1%          3
h - Animate Dead          Necr           52%        N/A       4%          4
i - Dispel Undead         Necr           52%        3d19      4%          4

Your spell library contained the following spells:

 Spells                   Type           Power      Damage    Failure   Level
 Apportation              Tloc           12%        N/A       14%         1
 Sandblast                Erth           12%        2d6       14%         1
 Summon Small Mammal      Summ           24%        N/A       14%         1
 Passwall                 Tmut/Erth      6%         N/A       17%         2
 Static Discharge         Conj/Air       16%        2-3/arc   17%         2
 Ensorcelled Hibernation  Hex/Ice        12%        N/A       21%         2
 Scorch                   Fire           12%        2d6       21%         2
 Anguish                  Hex/Necr       15%        N/A       24%         4
 Swiftness                Air            9%         N/A       26%         3
 Confusing Touch          Hex            6%         N/A       38%         3
 Inner Flame              Hex/Fire       6%         N/A       38%         3
 Stone Arrow              Conj/Erth      12%        3d7       38%         3
 Death Channel            Necr           26%        N/A       52%         6
 Airstrike                Air            4%         2d(1-17)  65%         4
 Summon Lightning Spire   Summ/Air       8%         N/A       73%         4
 Flame Wave               Conj/Fire      6%         2d5       80%         4
 Sticky Flame             Conj/Fire      6%         2d3       80%         4
 Simulacrum               Ice/Necr       15%        N/A       98%         6


Dungeon Overview and Level Annotations

Branches:
Dungeon (10/15)            Temple (1/1) D:4            Lair (0/5) D:9
    Orc (0/2) D:10

Altars:
Ashenzari
Cheibriados
Dithmenos
Fedhas
Gozag
Hepliaklqana
Kikubaaqudgha
Makhleb
Nemelex Xobeh
Okawaru
Qazlal
Ru
Sif Muna
Trog
Uskayaw
Vehumet
Wu Jian
Xom
Yredelemnul

Annotations:
D:3 1 runed translucent door, Crazy Yiuf
D:10 Erica
Abyss:1 Harold, Pikel


Innate Abilities, Weirdness & Mutations

You are immune to poison.
Your flesh is cold resistant. (rC+)
You are immune to negative energy. (rN+++)
You are immune to unholy pain and torment.
You are vulnerable to heat. (rF-)
You are in touch with the powers of death.
You do not drink.
You have a special connection with the divine. (Faith)


Message History

The stinking cloud engulfs the kobold demonologist but does no damage.
The kobold demonologist is moderately wounded.
The stinking cloud engulfs the soul eater but does no damage.
The sixfirhy hits you! The sixfirhy shocks you! The sixfirhy hits you!
The sixfirhy shocks you! The sixfirhy hits you. The sixfirhy shocks you!
The sixfirhy hits you!
* * * LOW HITPOINT WARNING * * *
The sixfirhy shocks you!
* * * LOW HITPOINT WARNING * * *
Erica is engulfed in noxious fumes.
Erica appears confused.
As you read the scroll of fear, it crumbles to dust.
You assume a fearsome visage.
The sixfirhy looks frightened!
The soul eater looks frightened!
Erica resists with some effort.
The kobold demonologist looks frightened!
Erica is engulfed in noxious fumes.
Erica appears confused.
As you read the scroll of teleportation, it crumbles to dust.
You feel strangely unstable.
Erica is engulfed in noxious fumes.
Erica appears confused.
Erica hits the soul eater with a +0 scimitar of flaming!
Erica burns the soul eater.
Erica's attack snaps the soul eater out of its fear.
Erica hits herself with a +0 scimitar of flaming!
Erica burns herself.
Unknown command.
Unknown command.
Unknown command.
Press: ? - help, v - describe, . - travel, g - get item
Here: a soul eater (lightly wounded, summoned, haloed)
Items here: (( )) ††.
The floor.
Okay, then.
Unknown command.
Erica looks more healthy.
The soul eater attacks as you move away!
The soul eater hits you!
* * * LOW HITPOINT WARNING * * *
The soul eater attacks as you move away!
The soul eater hits you.
You die...
Kikubaaqudgha rasps: "You have failed me!
Welcome... oblivion!"

#.......# #.......
#.>.....# #)......
#.......# #.......
#.......# #.......
#.......# #.......
#.......# #.......
###.##### ##'##### ##..#
#..# #.@## ##.#
####3####### ###'####
#..........# #...#...
#..@.......# #.#.###.
#...)......# #.#.....
#...)..)...# +.#####.
#...........# #<#.....
#...........# #.###.#.
.....K......#########.#.


You could see Erica (invisible, confused) and a soul eater (summoned).

Vanquished Creatures
  An unseen horror (D:9)
  A troll (D:5)
  Sigmund (D:2)
  2 wraiths (D:10)
  6 wyverns
  5 yaks
  Eustachio (D:4)
  2 steam dragons (D:8)
  Duvessa (D:4)
  2 water moccasins
  2 ice beasts (D:6)
  2 orc warriors
  A black bear (D:6)
  A kobold brigand (D:10)
  2 phantoms
  3 bullfrogs
  3 scorpions
  3 wights
  Dowan (D:4)
  6 killer bees (D:10)
  4 spriggan skeletons (D:9)
  5 howler monkeys
  4 orc priests
  A gnoll bouda (D:7)
  4 hounds
  A jelly (D:4)
  Ijyb (D:3)
  2 iguanas
  4 orc wizards
  Terence (D:3)
  Robin (D:4)
  3 gnolls (D:7)
  8 adders
  A white imp (D:6)
  2 ufetubi
  An orc zombie (D:8)
  3 worms
  4 dart slugs
  32 orcs
  5 bats
  8 endoplasms
  8 giant cockroaches
  16 goblins
  9 hobgoblins
  2 jackals (D:5)
  3 quokkas
  3 ball pythons
  A frilled lizard (D:3)
  12 kobolds
  5 rats
200 creatures vanquished.

Vanquished Creatures (collateral kills)
  A steam dragon (D:7)
  2 water moccasins (D:9)
  A centaur (D:8)
  3 wights (D:7)
  An orc priest (D:8)
  A gnoll (D:7)
  A white imp (D:7)
  7 orcs
17 creatures vanquished.

Vanquished Creatures (others)
  Menkaure (D:5)
  2 wyvern zombies
  A wight (D:7)
  A yak zombie (D:9)
  A howler monkey (D:7)
  A scorpion zombie (D:9)
  A hound zombie (D:9)
  An orc zombie (D:8)
  A kobold (D:7)
  A kobold zombie (D:7)
  A bush (D:9)
  3 fungi (D:9)
  23 plants
38 creatures vanquished.

Grand Total: 255 creatures vanquished

Notes
Turn   | Place    | Note
-------+----------+-------------------------------------------
     0 | D:1      | browni3141 the Mummy Venom Mage began the quest for the
                  | Orb.
     0 | D:1      | Reached XP level 1. HP: 13/13 MP: 4/4
    81 | D:1      | Reached skill level 1 in Fighting
   220 | D:1      | Reached skill level 1 in Transmutations
   251 | D:1      | Reached XP level 2. HP: 19/21 MP: 2/5
   308 | D:1      | Learned a level 2 spell: Poisonous Vapours
   740 | D:2      | Noticed Sigmund
   967 | D:2      | Gained mutation: You are in touch with the powers of death.
                  | [Mummy growth]
   967 | D:2      | Reached XP level 3. HP: 26/26 MP: 0/7
  1170 | D:2      | Found a faded altar of an unknown god.
  1173 | D:2      | Reached skill level 1 in Air Magic
  1264 | D:2      | Learned a level 3 spell: Mephitic Cloud
  1408 | D:2      | You fall into a shaft and drop 2 floors!
  1414 | D:4      | Noticed Robin
  1428 | D:4      | Found a staircase to the Ecumenical Temple.
  1433 | Temple   | Entered the Ecumenical Temple
  1752 | Temple   | Became a worshipper of Kikubaaqudgha
  2297 | D:3      | Found a runed translucent door.
  2298 | D:3      | Noticed Crazy Yiuf
  2383 | D:3      | Noticed Ijyb
  2401 | D:3      | Killed Ijyb
  2402 | D:3      | Reached XP level 4. HP: 12/32 MP: 0/8
  2715 | D:3      | Noticed Terence
  2727 | D:3      | Killed Terence
  3089 | D:3      | Reached * piety under Kikubaaqudgha
  3089 | D:3      | Received a gift from Kikubaaqudgha
  3225 | D:3      | Reached XP level 5. HP: 37/37 MP: 6/9
  3489 | D:2      | Learned a level 4 spell: Olgreb's Toxic Radiance
  4072 | D:2      | Killed Sigmund
  4073 | D:2      | Reached XP level 6. HP: 36/43 MP: 7/12
  4194 | D:4      | Noticed Eustachio
  4373 | D:4      | Reached skill level 5 in Poison Magic
  4823 | D:4      | Reached skill level 5 in Spellcasting
  4918 | D:4      | Noticed Dowan
  4951 | D:4      | Reached ** piety under Kikubaaqudgha
  4957 | D:4      | Killed Robin
  4979 | D:5      | Entered Level 5 of the Dungeon
  4987 | D:5      | Reached skill level 1 in Necromancy
  4987 | D:5      | Reached XP level 7. HP: 44/48 MP: 1/15
  5399 | D:4      | Noticed Duvessa
  5412 | D:4      | Killed Duvessa
  5420 | D:4      | Killed Dowan
  5421 | D:4      | Reached skill level 2 in Necromancy
  5438 | D:4      | Learned a level 1 spell: Necrotise
  5441 | D:4      | Learned a level 2 spell: Cigotuvi's Dreadful Rot
  5445 | D:4      | Learned a level 3 spell: Vampiric Draining
  5642 | D:4      | Killed Eustachio
  5643 | D:4      | Reached skill level 1 in Evocations
  5819 | D:5      | Reached skill level 3 in Necromancy
  5948 | D:5      | Reached XP level 8. HP: 54/54 MP: 12/18
  6410 | D:5      | Noticed Menkaure
  6410 | D:5      | Noticed a troll
  6533 | D:5      | Your ally Menkaure died
  6564 | D:5      | Killed a troll
  6565 | D:5      | Reached skill level 4 in Necromancy
  6889 | D:6      | Reached skill level 5 in Necromancy
  6895 | D:6      | Learned a level 4 spell: Animate Dead
  7224 | D:6      | Reached skill level 6 in Necromancy
  7554 | D:7      | Reached XP level 9. HP: 52/62 MP: 11/19
  7708 | D:7      | Reached *** piety under Kikubaaqudgha
  7708 | D:7      | Received a gift from Kikubaaqudgha
  7966 | D:7      | Identified the +5 quarterstaff "Hocwa" {pain, rCorr}
  7976 | D:7      | Found a stormy altar of Qazlal.
  7977 | D:7      | Found a shadowy altar of Dithmenos.
  7977 | D:7      | Found a snail-covered altar of Cheibriados.
  7977 | D:7      | Found a radiant altar of Vehumet.
  7978 | D:7      | Found a sparkling altar of Nemelex Xobeh.
  7978 | D:7      | Found a burning altar of Makhleb.
  7979 | D:7      | Found a broken altar of Ashenzari.
  7981 | D:7      | Found a hazy altar of Hepliaklqana.
  8435 | D:8      | Reached skill level 7 in Necromancy
  9066 | D:8      | Reached skill level 8 in Necromancy
  9720 | D:9      | Reached skill level 5 in Fighting
  9751 | D:9      | Reached XP level 10. HP: 50/74 MP: 12/20
  9762 | D:9      | Noticed Pikel
  9767 | D:9      | Banished Pikel
  9768 | D:9      | Reached skill level 1 in Armour
  9991 | D:9      | Found a staircase to the Lair.
 10038 | D:9      | Reached **** piety under Kikubaaqudgha
 10188 | D:9      | Identified the +0 ring mail of Experimentation {Stlth+}
 10761 | D:10     | Entered Level 10 of the Dungeon
 10764 | D:10     | Noticed Harold
 10770 | D:10     | Banished Harold
 10777 | D:10     | Learned a level 4 spell: Dispel Undead
 10875 | D:10     | Got the Commentary on Roasted Malediction
 10909 | D:10     | Found a staircase to the Orcish Mines.
 11041 | D:10     | Reached XP level 11. HP: 79/81 MP: 17/22
 11064 | D:10     | Reached skill level 5 in Evocations
 11168 | D:10     | Noticed Erica
 11172 | D:10     | Noticed a sixfirhy
 11174 | D:10     | Noticed a soul eater
 11179 | D:10     | HP: 1/81 [soul eater[a kobold demonologist] (15)]
 11180 | D:10     | Slain by a soul eater

Illustrated notes

Levels and vault maps discovered:
D:1:      amcnicky_arrival_blooded_trapdoor, layout_rooms,
          chequers_serial_rivers_micro_c, minmay_tiny_reverse_x
D:2:      layout_basic, hellmonk_ecumenical_altar_crossroads,
          serial_bayou_lake_a, uniq_sigmund
D:3:      layout_basic, uniq_crazy_yiuf_cottage, uniq_terence, uniq_ijyb
D:4:      layout_loops_corners, minmay_temple_entry_mist, minmay_box_of_dots,
          uniq_robin, uniq_eustachio, uniq_duvessa
D:5:      layout_basic, uniq_menkaure
D:6:      layout_rooms, minmay_misc_feat_doors,
          hangedman_abyss_or_decor_jellyfish_corner
D:7:      layout_basic, nicolae_overflows_in_rows
D:8:      layout_basic
D:9:      layout_gridville, minmay_lair_entry_grove, hex_medium,
          hangedman_tell_no_tales, uniq_pikel
D:10:     layout_roguey, minmay_orc_entry_temple_small, serial_shops, shop,
          uniq_erica, uniq_harold
Temple:   minmay_temple_forest_path

Skill      XL: |  1  2  3  4  5  6  7  8  9 10 11 |
---------------+----------------------------------+-----
Fighting       | 1 2 5 6 |  6.0
Transmutations | 1 |  1.0
Spellcasting   | 3 4 5 7 |  7.5
Poison Magic   | 3 4 5 6 7 |  7.0
Air Magic      | 1 |  1.0
Stealth        | 2 |  2.0
Dodging        | 2 4 |  4.0
Necromancy     | 1 3 6 8 |  8.5
Evocations     | 2 3 4 5 |  5.0
Armour         | 4 |  4.0

Action                     |  1- 3 |  4- 6 |  7- 9 | 10-12 || total
---------------------------+-------+-------+-------+-------++-------
  Melee: Dagger            |    29 |    21 |   101 |   137 ||   288
         Halberd           |       |    38 |       |       ||    38
   Cast: Sting             |    82 |    63 |    63 |    17 ||   225
         Poisonous Vapours |     5 |     5 |    16 |     1 ||    27
         Olgreb's Toxic Ra |       |     2 |    14 |     6 ||    22
         Mephitic Cloud    |       |     1 |    20 |     5 ||    26
         Necrotise         |       |       |    18 |       ||    18
         Animate Dead      |       |       |     2 |     1 ||     3
         Vampiric Draining |       |       |     3 |       ||     3
         Dispel Undead     |       |       |       |     5 ||     5
 Invoke: Unearth Wretches  |       |       |     1 |     1 ||     2
  Evoke: Wand              |       |     4 |    19 |     1 ||    24
    Use: Scroll            |     4 |     2 |     5 |     2 ||    13
   Stab: Sleeping          |       |     2 |       |       ||     2
         Confused          |       |       |     3 |       ||     3
         Paralysed         |       |       |     1 |     1 ||     2
         Distracted        |       |       |     1 |     1 ||     2
 Armour: Robe              |    10 |    11 |     9 |       ||    30
         Troll leather arm |       |       |    29 |    20 ||    49
  Dodge: Dodged            |    36 |    54 |    92 |    82 ||   264

Table legend: (Time is in decaauts)
 A = Elapsed time spent in this place.
 B = Non-inter-level travel time spent in this place.
 C = Inter-level travel time spent in this place.
 D = Time resting spent in this place.
 E = Time spent auto-exploring this place.
 F = Levels seen in this place.
 G = Mean time per level.
                   A        B        C        D        E       F      G
               +--------+--------+--------+--------+--------+-----+--------+
         Total |  11217 |  10899 |    318 |   1069 |   7727 |  11 | 1019.7 |
       Dungeon |  10860 |  10604 |    256 |   1069 |   7446 |  10 | 1086.0 |
        Temple |    356 |    294 |     62 |      0 |    281 |   1 |  356.0 |
               +--------+--------+--------+--------+--------+-----+--------+

Top non-repeatable levels by time:
     D:3: 1697 daAuts
     D:4: 1606 daAuts
     D:2: 1343 daAuts
     D:9: 1203 daAuts
     D:5: 1140 daAuts
     D:8: 1137 daAuts
     D:7: 901 daAuts
     D:1: 711 daAuts
     D:6: 698 daAuts
    D:10: 418 daAuts
  Temple: 356 daAuts
